 Dungeon Crawl Stone Soup version 0.31.0-11-ge490571c62 (webtiles) character file.

Game seed: 12803840191052814182

88 Marvel the Cudgeller (level 4, -1/45 HPs)
             Began as a Troll Berserker on Feb 9, 2024.
             Was a Believer of Trog.
             Slain by a gnoll
             ... wielding a +0 spear
              (9 damage)
             ... on level 3 of the Dungeon.
             The game lasted 00:01:34 (1776 turns).

Marvel the Cudgeller (Troll Berserker)              Turns: 1776, Time: 00:01:35

Health: -1/45      AC:  4    Str: 27    XL:     4   Next: 30%
Magic:  3/3        EV: 10    Int:  3    God:    Trog [**....]
Gold:   77         SH:  0    Dex:  9    Spells: 3/3 levels left

rFire   . . .        a - +0 mace
rCold   . . .        (no shield)
rNeg    . . .        b - +0 animal skin
rPois   .            (helmet restricted)
rElec   .            (no cloak)
rCorr   .            (gloves unavailable)
SInv    .            (boots unavailable)
Will    .....        (no amulet)
Stlth   +            (no ring)
HPRegen 1.07/turn    (no ring)
MPRegen 0.08/turn

%: no passive effects
@: on berserk cooldown, slowed, very slow
A: large, unfitting armour, claws 3, regeneration 1, shaggy fur 1, tough skin 1
a: Renounce Religion, Berserk, Trog's Hand


You were on level 3 of the Dungeon.
You worshipped Trog.
Trog was pleased with you.
You visited 1 branch of the dungeon, and saw 3 of its levels.

You collected 77 gold pieces.

Inventory:

Hand Weapons
 a - a +0 mace (weapon)
Armour
 b - a +0 animal skin (worn)
Scrolls
 c - a scroll of enchant weapon {unknown}
 d - a scroll of blinking {unknown}
 e - 5 scrolls of identify {unknown}
 f - 3 scrolls of teleportation {unknown}
 h - 2 scrolls of amnesia {unknown}
Potions
 g - 2 potions of brilliance {unknown}
 i - a potion of lignification {unknown}
 j - a potion of degeneration {unknown}


   Skills:
 + Level 3.0 Fighting
 + Level 3.7 Maces & Flails
 + Level 3.0 Dodging
 + Level 0.1 Stealth


You had 3 spell levels left.
You didn't know any spells.
Your spell library was empty.

Dungeon Overview and Level Annotations

Branches:
Dungeon (3/15)

Altars:
Fedhas


Innate Abilities, Weirdness & Mutations

You are too large for most types of armour.
You have claws for hands.
Your natural rate of healing is unusually fast.
You are covered in fur. (AC +1)
You have tough skin. (AC +1)


Message History

The hound barely misses you. The gnoll barely misses you.
The gnoll hits you from afar with a +0 spear!
A red film seems to cover your vision as you go berserk!
You feel yourself moving faster!
You feel mighty! The hound bites you but does no damage.
The gnoll closely misses you. x2
The hound barely misses you.
You sock the hound!
You kill the hound!
Trog accepts your kill.
The gnoll throws a throwing net.
The throwing net hits you.
You become entangled in the net!
The gnoll hits you from afar with a +0 spear.
The gnoll hits you but does no damage.
Your Fighting skill increases to level 3!
You have reached level 4!
You tear a large gash into the net.
The gnoll hits you from afar with a +0 spear. x2
You struggle against the net.
You feel a strong urge to attack something.
The gnoll hits you with a +0 flail.
The gnoll hits you from afar with a +0 spear.
The gnoll barely misses you.
You struggle against the net.
You struggle against the net.
You feel your anger nearly subside. The gnoll hits you with a +0 flail!
* * * LOW HITPOINT WARNING * * *
The gnoll hits you from afar with a +0 spear.
* * * LOW HITPOINT WARNING * * *
The gnoll hits you from afar with a +0 spear.
* * * LOW HITPOINT WARNING * * *
You rip the net and break free!
You are no longer berserk.
You are exhausted.
You feel yourself slow down.
You thump the gnoll!
The gnoll is severely wounded.
The gnoll barely misses you. The hobgoblin barely misses you.
The gnoll hits you from afar with a +0 spear!
You die...

........#..##..#.#
.........+........#
...(......#........#
..........$#.#>.....##.#
...........#...........#
#..........#####...#####
#..........# #...####
#.......g..# #......#
#........@.#####......###
#......g.g..............#
.##......g................#
..........................#
g.......#####...).........#
........# #.............#
........# #.............#
........# ###############
........#


You could see 3 gnolls and a hobgoblin.

Vanquished Creatures
  A hound (D:3)
  2 adders (D:2)
  A dart slug (D:1)
  5 bats (D:1)
  3 endoplasms
  A hobgoblin (D:1)
  4 jackals (D:1)
  2 quokkas
  4 ball pythons
  7 frilled lizards
  4 goblins
  3 kobolds
  7 rats
44 creatures vanquished.

Notes
Turn   | Place    | Note
-------+----------+-------------------------------------------
     0 | D:1      | Marvel the Troll Berserker began the quest for the Orb.
     0 | D:1      | Reached XP level 1. HP: 22/22 MP: 0/0
   153 | D:1      | Reached XP level 2. HP: 29/29 MP: 1/1
   836 | D:2      | Reached XP level 3. HP: 36/36 MP: 2/2
   891 | D:2      | Found a blossoming altar of Fedhas.
   996 | D:2      | Reached ** piety under Trog
  1771 | D:3      | Reached XP level 4. HP: 37/45 MP: 3/3
  1776 | D:3      | Slain by a gnoll

Illustrated notes

Levels and vault maps discovered:
D:1:      scummos_arrival_star, layout_loops_ring
D:2:      layout_loops_corners, basic_altar, chequers_serial_rivers_small_b,
          nicolae_elevator_lobby_plus
D:3:      layout_basic, hellmonk_ecumenical_altar_heavens_door, uniq_natasha

Skill      XL: |  1  2  3 |
---------------+----------+-----
Maces & Flails | 3 |  3.7
Dodging        | 3 |  3.0
Fighting       | 3 |  3.0
Stealth        | |  0.1

Action                     |  1- 3 |  4- 6 || total
---------------------------+-------+-------++-------
  Melee: Mace              |   143 |     1 ||   144
         Punch             |     1 |       ||     1
 Invoke: Berserk           |     1 |       ||     1
   Stab: Sleeping          |     2 |       ||     2
 Armour: Animal skin       |   113 |     8 ||   121
  Dodge: Dodged            |   109 |     3 ||   112
